Map: King's Cove LE

Players

HeroMarine - Winner!

  • Race: Terran Terran
  • Spawn Location: 11:00

DnS

  • Race: Protoss Protoss
  • Spawn Location: 5:00

Event: HomeStory Cup XXVI

VOD

Have the link to the VOD?

Description

Time

  • Played on: Nov. 30, 2024, 10:58 a.m.
  • Length: 19:40

All games in this series

Show
View Real Time Build Order
Export as new Build Order

HeroMarine Terran - Winner!

Build Orders:  

Get SALT Encoding   

  12  0:00  SCV  
  13  0:12  SCV  
  14  0:18  Supply Depot  
  14  0:24  SCV  
  15  0:39  SCV  
  15  0:41  Barracks  
  16  0:45  Refinery  
  16  0:51  SCV  
  16  0:54  Refinery  
  17  1:04  SCV  
  18  1:16  SCV  
  19  1:28  Orbital Command, Reaper  
  20  1:43  Factory  
  20  1:47  Supply Depot  
  20  1:53  SCV  
  21  2:00  Reaper  
  22  2:05  SCV  
  23  2:18  SCV  
  23  2:22  Command Center  
  24  2:27  Hellion  
  26  2:32  SCV, Reaper  
  28  2:39  Supply Depot  
  28  2:44  SCV  
  28  2:48  Hellion  
  31  2:55  Starport  
  31  3:00  SCV  
  31  3:04  Barracks Reactor  
  32  3:11  Widow Mine  
  32  3:12  SCV  
  35  3:24  SCV  
  36  3:27  Barracks  
  36  3:32  Medivac  
  36  3:33  Widow Mine  
  40  3:36  Orbital Command  
  40  3:39  SCV  
  41  3:48  Marine x2  
  41  3:51  SCV  
  41  3:55  Supply Depot  
  44  3:56  Factory Tech Lab  
  44  4:03  SCV  
  44  4:04  SCV  
  44  4:09  Starport Tech Lab, Marine x2  
  48  4:15  SCV  
  48  4:16  Siege Tank, SCV  
  51  4:22  Supply Depot  
  51  4:27  SCV  
  51  4:28  SCV  
  53  4:37  Raven, Marine x3  
  57  4:39  SCV  
  57  4:40  SCV  
  59  4:48  Siege Tank  
  59  4:50  Barracks  
  59  4:51  SCV  
  59  4:52  SCV  
  62  4:55  Marine, Engineering Bay  
  62  4:57  Supply Depot  
  62  4:59  Marine  
  64  5:03  SCV  
  64  5:04  SCV  
  66  5:08  Refinery  
  66  5:09  Supply Depot  
  66  5:12  Marine  
  67  5:15  SCV  
  67  5:16  SCV  
  67  5:18  Stimpack  
  69  5:24  Starport Reactor  
  69  5:27  SCV  
  70  5:28  SCV  
  70  5:32  Factory Reactor  
  70  5:34  Supply Depot, Refinery  
  71  5:36  Terran Infantry Weapons Level 1, Marine x2  
  71  5:38  Marine  
  71  5:40  SCV x2  
  76  5:45  Combat Shield  
  76  5:47  Marine  
  75  5:52  SCV  
  75  5:53  SCV  
  75  5:54  Marine x2  
  75  5:56  Marine  
  80  5:57  Supply Depot  
  80  5:58  Supply Depot  
  80  6:04  SCV  
  80  6:05  SCV, Marine  
  80  6:09  Medivac  
  83  6:12  Marine x2, Medivac  
  83  6:14  Marauder  
  88  6:19  Widow Mine x2  
  88  6:23  Marauder  
  93  6:29  Supply Depot  
  93  6:30  Marine x2  
  95  6:36  Marauder  
  97  6:44  Marauder  
  99  6:47  Marine, Medivac x2  
  99  6:48  Marine, Widow Mine  
  107  6:57  Marauder  
  107  7:01  SCV, Command Center  
  109  7:02  SCV  
  109  7:04  Supply Depot  
  109  7:05  Concussive Shells  
  109  7:06  Supply Depot, Marauder  
  109  7:08  Marine x2, Widow Mine  
  117  7:26  Widow Mine, Medivac x2  
  117  7:27  Barracks x2  
  123  7:30  Terran Infantry Armor Level 1  
  123  7:31  Marauder x2  
  123  7:33  Marine x2  
  129  7:39  Supply Depot x2, SCV x2  
  128  7:51  SCV  
  128  7:52  Marauder x2  
  128  7:56  Widow Mine, Medivac  
  128  7:57  Widow Mine  
  127  8:08  Marine x2  
  127  8:10  SCV x2  
  127  8:12  Medivac  
  131  8:14  Marauder x2  
  124  8:22  SCV x2  
  124  8:26  Medivac  
  128  8:27  Barracks Tech Lab, Barracks Reactor  
  128  8:29  Marine  
  128  8:30  Marine  
  126  8:34  SCV x2  
  126  8:35  Marauder  
  130  8:46  Viking  
  132  8:52  Starport, Marauder  
  132  8:53  Marauder  
  134  8:56  Viking  
  134  8:59  Supply Depot  
  134  9:01  Orbital Command  
  134  9:04  Marauder  
  136  9:11  Ghost Academy  
  136  9:14  Refinery  
  136  9:16  Refinery, Viking  
  138  9:17  Marauder  
  138  9:18  Marauder  
  140  9:25  Marauder  
  142  9:32  Marine x4  
  146  9:41  Marine x2, Viking  
  146  9:42  Command Center  
  150  9:46  Marine  
  150  9:47  Viking  
  150  9:49  Marine  
  150  9:50  Viking  
  156  9:53  Viking  
  156  9:58  Ghost x2  
  164  10:01  Marine x3  
  164  10:04  Ghost  
  170  10:07  Marine  
  170  10:10  Supply Depot  
  170  10:11  Supply Depot  
  171  10:14  Sensor Tower  
  171  10:18  Armory  
  171  10:19  Engineering Bay  
  171  10:24  Viking  
  173  10:31  Viking  
  173  10:34  Marauder x3  
  181  10:39  Marine x4, Sensor Tower  
  185  10:44  SCV x2  
  185  10:45  SCV  
  183  10:55  Marine, Marauder  
  183  10:56  Marauder  
  178  11:03  SCV x3  
  160  11:18  Marauder x2  
  160  11:22  Marine x2  
  160  11:23  Marine x2, Marauder  
  160  11:25  SCV  
  129  11:29  Planetary Fortress  
  116  11:35  SCV  
  116  11:36  SCV  
  116  11:39  SCV  
  118  11:46  Terran Infantry Weapons Level 2  
  115  11:48  SCV  
  115  11:51  SCV x2  
  116  11:59  Terran Infantry Armor Level 2  
  116  12:00  SCV  
  117  12:01  Terran Ship Weapons Level 1  
  117  12:03  SCV x2  
  117  12:06  Ghost  
  122  12:08  SCV  
  122  12:12  SCV  
  122  12:14  Ghost  
  122  12:15  SCV x2  
  126  12:19  Ghost  
  126  12:21  SCV  
  131  12:24  SCV  
  131  12:27  SCV  
  131  12:28  SCV  
  134  12:33  SCV  
  134  12:35  Viking x2  
  134  12:36  SCV  
  140  12:39  Viking  
  140  12:40  SCV  
  140  12:43  Viking  
  146  12:45  SCV  
  146  12:51  Marine x2, Marauder  
  146  12:52  Marauder x2  
  146  12:58  Barracks x2  
  154  13:02  Barracks  
  154  13:05  Viking  
  156  13:07  Viking  
  156  13:09  Orbital Command, Viking  
  157  13:13  Marauder  
  157  13:17  Marauder  
  157  13:19  Bunker  
  160  13:20  Marine x3  
  160  13:21  Marine  
  162  13:30  SCV x3  
  162  13:32  Marauder  
  167  13:34  Marauder  
  167  13:36  SCV  
  167  13:40  Marauder  
  169  13:46  Refinery x2  
  169  13:48  Barracks Tech Lab, Barracks Reactor  
  169  13:51  Barracks Tech Lab  
  169  13:52  Marine x3  
  169  13:53  Marauder  
  169  13:54  Marine  
  169  13:55  Ghost  
  178  14:00  Ghost, Sensor Tower  
  180  14:10  Marauder x2  
  180  14:14  Marauder  
  188  14:24  Marauder  
  188  14:29  Marine x3  
  188  14:30  Marauder, Command Center  
  193  14:31  Marauder  
  193  14:32  Marine, Marauder  
  193  14:34  Bunker  
  193  14:35  Marine  
  199  14:47  Marine  
  199  14:51  Marine  
  198  14:52  Marine  
  198  14:53  Marine  
  198  14:54  Ghost  
  198  14:56  Terran Infantry Armor Level 3, Terran Ship Weapons Level 2, Terran Infantry Weapons Level 3  
  199  15:01  Fusion Core  
  197  15:18  Ghost  
  181  15:31  Viking x2  
  181  15:32  Viking x2  
  176  15:36  Marauder  
  176  15:37  Marauder  
  176  15:38  Marine x2  
  147  15:52  Marauder x2  
  132  15:58  Marauder  
  132  15:59  Marine x2  
  132  16:01  Medivac, Marauder, Viking  
  132  16:02  Medivac  
  132  16:03  Advanced Ballistics  
  132  16:04  Marine  
  139  16:06  Marauder  
  142  16:13  Ghost, Marauder  
  144  16:20  Medivac  
  144  16:24  Marine x3, Refinery  
  144  16:25  Marine x3, Refinery  
  151  16:27  Marine  
  151  16:31  Medivac  
  148  16:34  Marine  
  146  16:41  Marine  
  146  16:42  Marine x4  
  146  16:43  Marauder x2  
  155  16:49  Marauder  
  155  16:50  Planetary Fortress  
  155  16:52  Marine  
  156  16:56  Liberator x2  
  156  16:59  Marine x2  
  150  17:03  Liberator  
  150  17:07  Marine  
  143  17:08  Missile Turret  
  143  17:09  Missile Turret  
  143  17:10  SCV x2, Missile Turret  
  140  17:18  Missile Turret  
  140  17:20  Marine  
  140  17:22  SCV  
  140  17:25  Missile Turret  
  140  17:28  Ghost  
  143  17:33  Ghost  
  137  17:40  Marine, Marauder  
  137  17:44  Liberator  
  139  17:48  Liberator  
  142  17:52  Liberator  
  142  17:56  SCV x3  
  142  17:57  SCV  
  149  18:03  SCV  
  150  18:08  SCV x3  
  150  18:09  Ghost  
  156  18:13  Marauder x2  
  156  18:15  Marauder  
  162  18:20  Ghost  
  162  18:26  Sensor Tower  
  165  18:30  Marine  
  165  18:32  Marine  
  167  18:35  Marine x2, Marauder x2  
  167  18:37  Marauder  
  167  18:38  Liberator, Marauder  
  177  18:45  Liberator  
  177  18:48  Liberator, Marine  
  180  18:49  Marine x2  
  180  18:53  Marine x2, Liberator  
  191  19:09  Marine  
  192  19:10  Marine, Marauder  
  192  19:15  Marauder  
  189  19:22  Marine x2  
Show
View Real Time Build Order
Export as new Build Order

DnS Protoss 

Build Orders: 1 Gate Expand, Blink Stalkers 

Get SALT Encoding   

  12  0:00  Probe  
  13  0:12  Probe  
  14  0:18  Pylon  
  14  0:23  Probe  
  15  0:32  Probe  
  15  0:37  Gateway  
  15  0:40  Probe  
  16  0:46  Assimilator  
  17  0:52  Probe  
  18  1:04  Probe  
  19  1:16  Probe  
  20  1:23  Cybernetics Core  
  20  1:33  Nexus  
  20  1:37  Probe  
  21  1:43  Pylon  
  21  1:49  Probe  
  21  1:51  Adept  
  21  1:52  Assimilator  
  24  2:01  Probe  
  24  2:04  Warp Gate  
  25  2:13  Probe  
  26  2:18  Stalker  
  28  2:25  Probe  
  28  2:27  Shield Battery  
  29  2:37  Twilight Council  
  29  2:38  Probe  
  29  2:41  Probe  
  30  2:49  Probe  
  30  2:50  Probe  
  32  2:51  Blink  
  32  2:53  Stalker  
  35  3:01  Probe  
  35  3:03  Probe  
  37  3:12  Gateway  
  37  3:13  Probe  
  37  3:15  Probe  
  39  3:25  Probe  
  40  3:28  Pylon  
  40  3:29  Probe  
  41  3:38  Robotics Facility  
  41  3:41  Probe x2  
  43  3:52  Stalker  
  43  3:54  Probe x2  
  47  3:56  Gateway  
  47  3:58  Pylon  
  47  4:01  Assimilator  
  47  4:06  Stalker  
  47  4:09  Probe x2  
  51  4:18  Stalker  
  51  4:21  Probe x2  
  55  4:24  Observer  
  55  4:29  Pylon  
  55  4:33  Probe x2  
  55  4:38  Observer  
  57  4:45  Probe  
  58  4:48  Nexus  
  58  4:49  Probe  
  57  4:57  Probe  
  58  5:01  Probe  
  58  5:02  Assimilator  
  58  5:04  Observer  
  60  5:08  Robotics Bay  
  60  5:09  Charge, Probe  
  60  5:13  Probe  
  62  5:21  Probe  
  62  5:23  Observer  
  62  5:25  Forge, Probe  
  62  5:28  Pylon  
  65  5:33  Observer, Probe, Immortal  
  66  5:38  Pylon  
  66  5:39  Observer  
  70  5:47  Sentry  
  72  5:50  Shield Battery  
  72  5:52  Probe x2  
  72  5:53  Pylon  
  74  5:58  Probe  
  74  6:00  Probe  
  74  6:02  Colossus  
  76  6:04  Probe  
  76  6:06  Probe  
  76  6:07  Pylon  
  76  6:10  Probe  
  78  6:11  Stalker  
  78  6:16  Observer  
  78  6:17  Stalker, Probe  
  88  6:23  Probe  
  88  6:24  Protoss Ground Weapons Level 1  
  89  6:29  Probe x2  
  89  6:32  Extended Thermal Lance  
  89  6:36  Probe  
  90  6:44  Gateway x2  
  89  6:50  Probe x2  
  84  6:56  Probe  
  84  6:59  Colossus  
  85  7:02  Probe  
  85  7:04  Gateway  
  86  7:08  Sentry  
  86  7:09  Zealot, Sentry  
  86  7:10  Observer  
  86  7:14  Probe x3  
  86  7:15  Pylon  
  101  7:18  Photon Cannon  
  101  7:26  Pylon, Probe  
  102  7:32  Gateway  
  102  7:34  Gateway, Pylon  
  101  7:38  Stalker  
  101  7:40  Stalker  
  105  7:50  Stalker  
  105  7:54  Probe  
  102  8:02  Zealot x2  
  102  8:06  Zealot  
  93  8:23  Protoss Ground Weapons Level 2  
  93  8:28  Stalker x3  
  93  8:29  Colossus  
  99  8:38  Probe x3  
  108  8:50  Zealot, Probe x2  
  108  8:51  Zealot x3  
  118  8:59  Pylon  
  118  9:03  Probe x2  
  118  9:04  Forge  
  118  9:08  Probe, Pylon  
  121  9:14  Zealot x2  
  121  9:15  Probe  
  124  9:19  Protoss Ground Armor Level 1  
  122  9:26  Shield Battery  
  122  9:27  Stalker x3  
  122  9:29  Observer  
  131  9:43  Disruptor  
  128  9:54  Nexus  
  128  9:56  Robotics Facility  
  128  9:59  Pylon  
  132  10:01  Zealot x4  
  140  10:19  Disruptor  
  140  10:20  Observer  
  140  10:21  Shield Battery  
  144  10:22  Shield Battery, Probe x3  
  144  10:23  Shield Battery  
  144  10:24  Pylon  
  146  10:31  Zealot  
  146  10:34  Pylon x2  
  146  10:35  Pylon  
  146  10:52  Zealot x6  
  146  10:54  Disruptor  
  146  10:56  Zealot x2  
  166  10:59  Disruptor  
  166  11:03  Probe  
  166  11:04  Probe x2  
  134  11:24  Zealot x8  
  138  11:30  Disruptor  
  132  11:35  Disruptor  
  132  11:37  Protoss Ground Weapons Level 3  
  134  11:42  Nexus  
  130  11:49  Sentry x2  
  130  11:50  Stalker  
  130  11:51  Stalker x2  
  138  11:56  Protoss Ground Armor Level 2  
  138  12:18  Observer  
  135  12:27  Zealot x8  
  135  12:28  Pylon  
  151  12:30  Shield Battery  
  151  12:31  Disruptor  
  155  12:40  Disruptor  
  159  12:46  Probe x3  
  159  12:48  Observer  
  162  13:00  Probe x3  
  162  13:02  Nexus  
  162  13:05  Stalker x3, Pylon  
  159  13:23  Stalker x5  
  159  13:25  Observer  
  158  13:34  Zealot x3  
  158  13:38  Probe x2  
  158  13:39  Probe  
  158  13:40  Shield Battery  
  159  13:41  Photon Cannon  
  159  13:47  Observer, Immortal  
  159  13:49  Probe  
  159  13:50  Probe x2  
  159  13:51  Probe  
  159  13:55  Observer  
  163  13:57  Immortal  
  171  14:07  Stalker x6  
  171  14:08  Zealot x2  
  187  14:10  Assimilator  
  187  14:15  Protoss Ground Armor Level 3  
  187  14:16  Probe x4  
  191  14:22  Gateway  
  191  14:24  Gateway  
  191  14:45  Zealot x6  
  199  14:51  Gateway  
  197  14:56  Gateway  
  197  14:58  Gateway, Dark Shrine  
  181  15:01  Gateway  
  181  15:03  Zealot x2  
  181  15:06  Zealot x4  
  181  15:07  Zealot  
  181  15:22  Zealot x5  
  181  15:23  Zealot x2  
  177  15:29  Disruptor  
  177  15:30  Zealot x2  
  175  15:45  Robotics Facility  
  157  15:50  Zealot x10  
  157  15:56  Disruptor  
  121  16:07  Zealot x2, Nexus  
  121  16:08  Zealot  
  131  16:17  Dark Templar x2  
  135  16:22  Sentry  
  135  16:23  Zealot x4, Stalker  
  146  16:31  Disruptor  
  113  16:51  Stalker x5  
  113  17:03  Stalker x2  
  113  17:04  Zealot  
  110  17:22  Dark Templar  
  109  17:24  Disruptor, Observer  
  113  17:35  Disruptor  
  97  17:48  Assimilator  
  101  17:57  Pylon  
  101  18:02  Assimilator  
  99  18:08  Observer  
  99  18:09  Zealot x10, Dark Templar  
  121  18:24  Zealot x2  
  124  18:39  Stalker x4  
  129  18:41  Probe x3  
  129  18:42  Probe  
  129  18:45  Assimilator  
  132  18:53  Stalker x2, Zealot x3  
  132  18:54  Zealot  
  144  19:09  Stalker x2, Zealot x4  
  154  19:16  Zealot x3  
  135  19:30  Stalker x2  
  135  19:31  Zealot x3  
Tags
 
Add a new tag
Caveats
  • Supply blocks, unpowered buildings, or Contaminate may cause inaccurate times.
  • Supply counts are checked every 10 seconds.